 Dungeon Crawl Stone Soup version 0.32-a0-814-g0968bab981 (webtiles) character file.

Game seed: 5600731130079976709

291 Gargoyl the Chopper (level 6, -2/38 HPs)
             Began as a Gargoyle Berserker on Mar 21, 2024.
             Was a Believer of Trog.
             Slain by Duvessa
             ... wielding a +0 short sword
              (11 damage)
             ... on level 4 of the Dungeon on Mar 22, 2024.
             The game lasted 00:04:45 (2930 turns).

Gargoyl the Chopper (Gargoyle Berserker)            Turns: 2930, Time: 00:04:46

Health: -2/38      AC: 17    Str: 19 (20) XL:     6   Next: 32%
Magic:  6/6        EV:  7    Int:  7 (8)  God:    Trog [**....]
Gold:   244        SH:  0    Dex: 11      Spells: 5/5 levels left

rFire   . . .        a - +0 hand axe (flame)
rCold   + . .        (no shield)
rNeg    + . .        c - +0 chain mail
rPois   ∞            g - +1 helmet
rElec   +            (no cloak)
rCorr   .            (no gloves)
SInv    +            b - +0 pair of boots
Will    ++...        (no amulet) Stlth
                     k - ring of see invisible
HPRegen 1.26/turn    n - ring of protection from cold
MPRegen 0.10/turn

%: no passive effects
@: mighty, strong-willed, on berserk cooldown, regenerating, slowed, very slow
A: sickness immunity, AC +4, negative energy resistance 1, electricity
resistance, torment resistance 1, petrification resistance
a: Renounce Religion, Berserk, Trog's Hand


You were on level 4 of the Dungeon.
You worshipped Trog.
Trog was pleased with you.
You visited 1 branch of the dungeon, and saw 4 of its levels.

You collected 244 gold pieces.

Inventory:

Hand Weapons
 a - a +0 hand axe of flaming (weapon)
Missiles
 l - 6 poisoned darts (quivered)
Armour
 b - a +0 pair of boots (worn)
 c - a +0 chain mail (worn)
 g - a +1 helmet (worn)
Jewellery
 k - a ring of see invisible (left hand)
 n - a ring of protection from cold (right hand)
Scrolls
 f - a scroll of teleportation
 h - a scroll of fog
 i - a scroll of identify
 m - a scroll of blinking


   Skills:
 + Level 4.0 Fighting
 + Level 5.0 Axes
 + Level 4.0 Armour
 + Level 1.9 Dodging
 + Level 0.3 Stealth


You had 5 spell levels left.
You didn't know any spells.
Your spell library was empty.

Dungeon Overview and Level Annotations

Branches:
Dungeon (4/15)
 Temple: D:4-7

Altars:

Annotations:
D:4 Duvessa


Innate Abilities, Weirdness & Mutations

You are immune to sickness and miasma.
Your stone body is resilient. (AC +4)
You are immune to poison.
You resist negative energy. (rN+)
You are resistant to electric shocks. (rElec)
You are resistant to unholy torment.
You are immune to petrification.


Message History

Trog appreciates your killing of a magic user.
You hear a distant scream of rage.
You feel your dexterity returning.
Your Axes skill increases to level 5!
Your Armour skill increases to level 4!
Things that are here:
a +4 dagger of draining; a +0 robe You feel a strong urge to attack something.
You start resting.
You feel your anger nearly subside.
You are no longer berserk.
You are exhausted.
You feel yourself slow down.
You start resting.
Duvessa, Sister of Dowan comes into view.
She is wielding a +0 short sword.
Duvessa is nearby!
Duvessa is nearby!
Things that are here:
a +4 dagger of draining; a +0 robe Duvessa goes berserk!
Duvessa rages.
Duvessa rages.
Duvessa attacks as she pursues you!
Duvessa hits you with a +0 short sword! x2
Your skin crawls.
You feel strong-willed. Duvessa hits you but does no damage.
Duvessa hits you with a +0 short sword!
* * * LOW HITPOINT WARNING * * *
You feel better. Duvessa hits you but does no damage. x2
Duvessa closely misses you.
You feel very mighty all of a sudden. Duvessa hits you but does no damage. x2
You hit Duvessa. You burn Duvessa.
Duvessa is lightly wounded.
Duvessa hits you with a +0 short sword. Duvessa barely misses you.
You slash Duvessa! You burn Duvessa.
Duvessa is moderately wounded.
Duvessa hits you with a +0 short sword. Duvessa hits you with a +0 short sword!
* * * LOW HITPOINT WARNING * * *
You hit Duvessa. You burn Duvessa.
Duvessa is heavily wounded.
Duvessa hits you with a +0 short sword!
You die...

#....###..##...#..#...#####
#.....#........'..#....#
#....>#...<....#..#....#
#####..########..##..#...##
..###..########..##..#...##
............#....#...#....#
............#....#.e.#....#
#'###..###.###...##..#...##
...#######.###..@##).##..##
.............#..e##..##...#
.............#.......#....#
.....†.......#.......+...#######
..###.####..###..##..##.)##....##
..###.#####'#######'###.........#
..#....#.....>#.................#
..#....#......#.................#
..#..#####..###..#######.########


You could see Duvessa (berserk).

Vanquished Creatures
  Dowan (D:4)
  2 hounds (D:4)
  A bombardier beetle (D:4)
  4 gnolls (D:4)
  2 adders
  2 ribbon worms
  3 dart slugs
  4 orcs
  10 ball pythons
  6 bats
  5 endoplasms
  A giant cockroach (D:3)
  7 goblins
  8 hobgoblins
  3 quokkas
  4 frilled lizards
  10 kobolds
  8 rats
81 creatures vanquished.

Notes
Turn   | Place    | Note
-------+----------+-------------------------------------------
     0 | D:1      | Gargoyl the Gargoyle Berserker began the quest for the Orb.
     0 | D:1      | Reached XP level 1. HP: 14/14 MP: 1/1
   277 | D:1      | Reached XP level 2. HP: 19/19 MP: 2/2
   278 | D:1      | Reached skill level 3 in Axes
   571 | D:1      | Found a faded altar of an unknown god.
   720 | D:1      | Reached XP level 3. HP: 24/24 MP: 3/3
  1248 | D:2      | Reached ** piety under Trog
  1296 | D:2      | Reached XP level 4. HP: 28/29 MP: 4/4
  1364 | D:2      | You fall into a shaft and drop 2 floors!
  1378 | D:4      | Reached skill level 4 in Axes
  1385 | D:4      | Reached XP level 5. HP: 28/33 MP: 5/5
  1665 | D:4      | Noticed Dowan
  2161 | D:3      | Reached XP level 6. HP: 35/38 MP: 6/6
  2347 | D:3      | Reached *** piety under Trog
  2564 | D:3      | Upgraded the game from 0.32-a0-798-gfa783ce77f to
                  | 0.32-a0-814-g0968bab981
  2904 | D:4      | Killed Dowan
  2905 | D:4      | Reached skill level 5 in Axes
  2917 | D:4      | Noticed Duvessa
  2930 | D:4      | Slain by Duvessa

Illustrated notes

Levels and vault maps discovered:
D:1:      nicolae_arrival_somewhat_less_tricky_arrival, layout_loops_ring,
          serial_forest, infiniplex_forest_clump_small,
          infiniplex_forest_clump_small, infiniplex_forest_clump_large,
          infiniplex_forest_clump_curved, infiniplex_forest_straight_3,
          infiniplex_forest_lined_room_2, infiniplex_forest_corner_1,
          infiniplex_forest_clump_medium, infiniplex_forest_diagonal,
          hellmonk_ecumenical_altar_leap_of_faith, corexii_hall_statues_x
D:2:      minmay_inner_zag, layout_rooms
D:3:      layout_loops_corners, minmay_pentomino_pile
D:4:      layout_gridville, uniq_duvessa, uniq_edmund

Skill      XL: |  1  2  3  4  5  6 |
---------------+-------------------+-----
Axes           | 3 4 5 |  5.0
Armour         | 3 4 |  4.0
Fighting       | 4 |  4.0
Dodging        | |  1.9
Stealth        | |  0.3

Action                     |  1- 3 |  4- 6 || total
---------------------------+-------+-------++-------
  Melee: Hand axe          |   222 |   123 ||   345
 Invoke: Berserk           |     2 |     2 ||     4
         Trog's Hand       |       |     2 ||     2
    Use: Scroll            |     3 |     6 ||     9
         Potion            |       |     5 ||     5
 Armour: Animal skin       |    11 |       ||    11
         Chain mail        |   130 |   109 ||   239
  Dodge: Dodged            |    77 |    66 ||   143

Table legend: (Time is in decaauts)
 A = Elapsed time spent in this place.
 B = Non-inter-level travel time spent in this place.
 C = Inter-level travel time spent in this place.
 D = Time resting spent in this place.
 E = Time spent auto-exploring this place.
 F = Levels seen in this place.
 G = Mean time per level.
                   A        B        C        D        E       F      G
               +--------+--------+--------+--------+--------+-----+--------+
         Total |   3003 |   2923 |     80 |     55 |   1942 |   4 |  750.8 |
       Dungeon |   3003 |   2923 |     80 |     55 |   1942 |   4 |  750.8 |
               +--------+--------+--------+--------+--------+-----+--------+

Top non-repeatable levels by time:
     D:1: 1177 daAuts
     D:3: 944 daAuts
     D:2: 498 daAuts
     D:4: 382 daAuts
